 Dungeon Crawl Stone Soup version 0.22-a0-374-g5dfd9e3 (webtiles) character file.

63 sankara the Sneak (level 3, -2/24 HPs)
             Began as a Vampire Enchanter on Apr 26, 2018.
             Slain by a worker ant (5 damage)
             ... on level 4 of the Dungeon.
             The game lasted 00:06:18 (1269 turns).

sankara the Sneak (Vampire Enchanter)               Turns: 1269, Time: 00:06:19

Health: -2/24      AC:  2    Str:  7    XL:     3   Next: 89%
Magic:  0/6        EV: 12    Int: 18    God:
Gold:   73         SH:  0    Dex: 14    Spells: 3/6 levels left

rFire    . . .     SeeInvis +   a - +1 dagger
rCold    + . .     Gourm    .   (no shield)
rNeg     + + .     Faith    .   b - +0 robe
rPois    +         Spirit   +   (no helmet)
rElec    .         Reflect  .   (no cloak)
rCorr    .         Harm     .   (no gloves)
MR       .....                  (no boots)
Stlth    +++++.....             i - amulet of guardian spirit {Spirit}
HPRegen  0.04/turn              (no ring)
MPRegen  0.10/turn              (no ring)

@: lethally poisoned (-2 -> -7), regenerating slowly
A: fangs 3, see invisible, unbreathing
a: Bat Form


You were on level 4 of the Dungeon.
You were very thirsty.

You visited 1 branch of the dungeon, and saw 4 of its levels.

You collected 73 gold pieces.

Inventory:

Hand Weapons
 a - a +1 dagger (weapon)
Missiles
 f - 25 sling bullets
 g - 51 stones (quivered)
Armour
 b - a +0 robe (worn)
Jewellery
 i - an amulet of guardian spirit (around neck) {Spirit}
   (You found it on level 1 of the Dungeon)
Potions
 c - a potion of might {unknown}
 d - 4 potions of blood {@q1}
 e - a potion of heal wounds {unknown}
 k - a potion of mutation {unknown}


   Skills:
 - Level 1.1 Short Blades
 - Level 2.1 Dodging
 + Level 7.5 Stealth
 - Level 2.0 Spellcasting
 - Level 4.4 Hexes


You had 3 spell levels left.
You knew the following spells:

 Your Spells              Type           Power        Failure   Level  Hunger
a - Corona                Hex            ###....      3%          1    #......
b - Ensorcelled Hibernat  Hex/Ice        #.....       11%         2    ###....


Dungeon Overview and Level Annotations

Branches:
Dungeon (4/15)
 Temple: D:4-7

Altars:
The Shining One

Shops:
D:4 %


Innate Abilities, Weirdness & Mutations

You heal slowly.
You have razor-sharp teeth.
You have supernaturally acute eyesight. (SInv)
You can survive without breathing.


Message History

There is an open door here.
You reach down and open the door.
There is an open door here.
There is an open door here.
An orc comes into view. It is wielding a dagger.
There is an entrance to Nyjaff's Food Shop here.
An iguana comes into view.
The orc shouts!
The orc hits you with a dagger.
There is an open door here.
There is a stone staircase leading up here.
Your transformation has ended.
Your +1 dagger unmelds from your body.
Your +0 robe unmelds from your body.
Casting: Ensorcelled Hibernation (safe; 11% risk of failure)
Confirm with . or Enter, or press ? or * to list all spells.
Aiming: Ensorcelled Hibernation (safe; 11% risk of failure)
Press: ? - help, Shift-Dir - straight line, f - orc
Aim: an orc, wielding a dagger and wearing a leather armour (chance to defeat MR: 58%)
The orc looks drowsy...
The helpless orc fails to defend itself.
You bite the orc, and draw its blood!
You feel better.
You feel slightly less thirsty.
You impale the orc!!
You kill the orc!
There is a stone staircase leading up here.
You start resting.
Magic restored.
As you read the scroll labeled FIOCSO WUJA, it crumbles to dust.
You assume a fearsome visage.
Nothing appears to happen.
It was a scroll of fear.
Blink to where?
Press: ? - help, Dir - move target cursor You are very lightly contaminated with residual magic.
As you read the scroll labeled NEGRO SEEFIU, it crumbles to dust.
It was a scroll of blinking.
Things that are here:
a dagger; a leather armour
There is an open door here.
You open the door.
There is an open door here.
There is an open door here.
Found a stone staircase leading up.
Your magical contamination has completely faded away.
You open the door.
There is an open door here.
You open the door.
There is an open door here.
You open the door.
There is an open door here.
You open the door.
There is an open door here.
You open the door.
A worker ant comes into view.
A worker ant is nearby!
There is an open door here.
The worker ant twitches its antennae in your direction.
The worker ant bites you.
You barely miss the worker ant. The worker ant barely misses you.
Casting: Ensorcelled Hibernation (safe; 11% risk of failure)
Confirm with . or Enter, or press ? or * to list all spells.
Aiming: Ensorcelled Hibernation (safe; 11% risk of failure)
Press: ? - help, Shift-Dir - straight line, f - worker ant
Aim: a worker ant (chance to defeat MR: 50%)
The worker ant resists with some effort.
The worker ant bites you. x2
Casting: Ensorcelled Hibernation (safe; 11% risk of failure)
Confirm with . or Enter, or press ? or * to list all spells.
Aiming: Ensorcelled Hibernation (safe; 11% risk of failure)
Press: ? - help, Shift-Dir - straight line, f/p - worker ant
Aim: a worker ant (chance to defeat MR: 50%)
The worker ant resists with some effort.
The worker ant barely misses you.
There is an open door here.
The worker ant closely misses you.
There is an open door here.
The worker ant barely misses you.
There is an open door here.
The worker ant bites you.
You are poisoned.
The worker ant poisons you!
You feel sick. The worker ant barely misses you.
You feel sick.
There is an open door here.
Casting: Ensorcelled Hibernation (safe; 11% risk of failure)
Confirm with . or Enter, or press ? or * to list all spells.
Aiming: Ensorcelled Hibernation (safe; 11% risk of failure)
Press: ? - help, Shift-Dir - straight line, f/p - worker ant
Aim: a worker ant (chance to defeat MR: 50%)
The worker ant resists with some effort.
The worker ant misses you.
You feel sick. The worker ant barely misses you.
You feel sick. The worker ant bites you.
* * * LOW HITPOINT WARNING * * *
* * * LOW HITPOINT WARNING * * *
You feel sick.
* * * LOW HITPOINT WARNING * * *
You feel sick. The worker ant bites you.
You die...

#........# #........#
#########........#
#................#
#................#
#................#
#................#
#.......a...>....#
#.......@........#
.##+###................#
...............).......#
.......######'#........########
.......+....).#........#.......
.......#..<...#........#.......
.......#......#..∩.....#.......
.......########........'.......
.......................#.......


You could see a worker ant.

Vanquished Creatures
  A worker ant (D:4)
  An adder (D:4)
  2 dart slugs (D:1)
  A leopard gecko (D:1)
  An orc (D:4)
  5 goblins (D:1)
  2 hobgoblins (D:1)
  3 jackals (D:1)
  4 kobolds (D:1)
  3 bats (D:1)
  2 rats (D:1)
25 creatures vanquished.

Notes
Turn   | Place    | Note
-------+----------+-------------------------------------------
     0 | D:1      | sankara the Vampire Enchanter began the quest for the Orb.
     0 | D:1      | Reached XP level 1. HP: 13/13 MP: 3/3
    49 | D:1      | Reached skill level 5 in Stealth
   191 | D:1      | Reached XP level 2. HP: 19/19 MP: 5/5
   195 | D:1      | Learned a level 2 spell: Ensorcelled Hibernation
   404 | D:1      | Reached skill level 6 in Stealth
   877 | D:1      | Reached XP level 3. HP: 24/24 MP: 6/6
   943 | D:3      | Found a glowing golden altar of the Shining One.
   977 | D:4      | Found Nyjaff's Food Shop.
  1026 | D:4      | Reached skill level 7 in Stealth
  1262 | D:4      | HP: 5/24 [worker ant (2)]
  1268 | D:4      | HP: 3/24 [poisoned by a worker ant]
  1269 | D:4      | Slain by a worker ant

Vault maps used:
D:1:      mrwooster_arrival_statue, minmay_misc_feat_hallway,
          minmay_misc_feat_enclosed
D:2:      nemelex_altar_shiori, guppyfry_early_orc_mine
D:3:      grunt_temple_overflow_open
D:4:      serial_shops, shop

Skill      XL: |  1  2  3 |
---------------+----------+-----
Stealth        | 5 6 7 |  7.5
Short Blades   | |  1.1
Dodging        | |  2.1
Spellcasting   | |  2.0
Hexes          | |  4.4

Action                   || total
-------------------------++-------
Melee: Dagger            ||    44
       Bite              ||     3
 Cast: Corona            ||     5
       Ensorcelled Hiber ||    21
 Abil: End Transformatio ||     2
       Bat Form          ||     2
  Use: Scroll            ||     2
 Stab: Sleeping          ||    20
Armor: Robe              ||    15
Dodge: Dodged            ||    34

Table legend:
 A = Spawn XP
 B = Non-spawn XP
 C = Spawn XP percentage of total XP
 D = Spawn monster count
 E = Non-spawn monster count
 F = Spawn count percentage of total count
 G = Total turns spent on level
                    A         B        C        D         E        F      G
               +---------+---------+-------+---------+---------+-------+---------
         Total |       0 |      91 |   0.0 |       0 |      25 |   0.0 |  1269
               +---------+---------+-------+---------+---------+-------+---------
           D:1 |       0 |      43 |   0.0 |       0 |      22 |   0.0 |   922
           D:4 |       0 |      48 |   0.0 |       0 |       3 |   0.0 |   297
               +---------+---------+-------+---------+---------+-------+---------

Vault maps used:
D:1:      mrwooster_arrival_statue, minmay_misc_feat_hallway,
          minmay_misc_feat_enclosed
D:2:      nemelex_altar_shiori, guppyfry_early_orc_mine
D:3:      grunt_temple_overflow_open
D:4:      serial_shops, shop

Table legend:
 A = Turns spent in this place as a percentage of turns spent in the entire game.
 B = Non-inter-level travel turns spent in this place as a percentage of non-inter-level travel turns spent in the entire game.
 C = Inter-level travel turns spent in this place as a percentage of turns spent in this place.
 D = Turns resting spent in this place as a percentage of non-inter-level travel turns spent in this place.
 E = Turns spent auto-exploring this place as a percentage of non-inter-level travel turns spent in this place.
 F = Non-inter-level travel turns spent in this place divided by the number of levels of this place that you've seen.
                   A       B       C       D       E      F
               +-------+-------+-------+-------+-------+----------------------
         Total | 100.0 | 100.0 |   2.7 |  47.9 |  16.7 | 308.8
       Dungeon | 100.0 | 100.0 |   2.7 |  47.9 |  16.7 | 308.8
               +-------+-------+-------+-------+-------+----------------------

Table legend:
 A = Kills in this place as a percentage of kills in entire the game.
 B = Kills by you in this place as a percentage of kills by you in the entire game.
 C = Kills by friends in this place as a percentage of kills by friends in the entire game.
 D = Other kills in this place as a percentage of other kills in the entire game.
 E = Experience gained in this place as a percentage of experience gained in the entire game.
 F = Experience gained in this place divided by the number of levels of this place that you have seen.
                   A       B       C       D       E      F
               +-------+-------+-------+-------+-------+----------------------
         Total | 100.0 | 100.0 |   N/A |   N/A | 100.0 |  22.8
       Dungeon | 100.0 | 100.0 |   N/A |   N/A | 100.0 |  22.8
               +-------+-------+-------+-------+-------+----------------------
